 Dungeon Crawl Stone Soup version 0.30-a0-1008-g30c9307041 (webtiles) character file.

Game seed: 1266177818226933093

513 Pimp the Shooter (level 7, 0/82 HPs)
             Began as a Barachi Hunter on Apr 5, 2023.
             Slain by Duvessa
             ... wielding a +2 short sword of speed
              (11 damage)
             ... on level 4 of the Dungeon.
             The game lasted 00:15:47 (4203 turns).

Pimp the Shooter (Barachi Hunter)                   Turns: 4203, Time: 00:15:48

Health: 0/82       AC:  6    Str: 12      XL:     7   Next: 19%
Magic:  7/7        EV: 13    Int: 12      God:
Gold:   262        SH:  0    Dex: 13 (15) Spells: 6/6 levels left

rFire   . . .      SeeInvis .    g - +0 dagger (elec)
rCold   . . .      Faith    .    (no shield)
rNeg    . . .      Spirit   .    c - +0 leather armour
rPois   .          Reflect  .    i - +0 helmet
rElec   .          Rampage  .    (no cloak)
rCorr   .                        o - +0 pair of gloves
Will    .....                    u - +0 pair of boots Stlth
                                 n - amulet of magic regeneration
HPRegen 0.33/turn                (no ring)
MPRegen 0.50/turn                (no ring)

@: berserking, quick
A: amphibious, slowness 1, strong legs 1, +LOS
a: Hop


You were on level 4 of the Dungeon.
You visited 1 branch of the dungeon, and saw 4 of its levels.

You collected 262 gold pieces.

Inventory:

Hand Weapons
 a - a +0 shortbow
 g - a +0 dagger of electrocution (weapon)
 p - a +1 dagger of holy wrath
Armour
 c - a +0 leather armour (worn)
 i - a +0 helmet (worn)
 o - a +0 pair of gloves (worn)
 u - a +0 pair of boots (worn)
Jewellery
 n - an amulet of magic regeneration (around neck)
Wands
 t - a wand of flame (21)
Scrolls
 b - 2 scrolls of immolation
 d - a scroll of identify
 e - a scroll of teleportation
 h - a scroll of fear
Potions
 f - 3 potions of flight
 j - 2 potions of attraction


   Skills:
 + Level 4.9 Fighting
 + Level 5.4 Ranged Weapons
 + Level 4.5 Dodging
 + Level 3.6 Stealth


You had 6 spell levels left.
You didn't know any spells.
Your spell library contained the following spells:

 Spells                   Type           Power      Damage    Failure   Level
 Shock                    Conj/Air       0%         1d3       38%         1
 Portal Projectile        Hex/Tloc       0%         N/A       77%         3
 Swiftness                Air            0%         N/A       77%         3
 Tukima's Dance           Hex            0%         N/A       77%         3
 Airstrike                Air            0%         2d(0-16)  99%         4
 Passage of Golubria      Tloc           0%         N/A       99%         4
 Blade Hands              Tmut           0%         N/A       100%        5
 Yara's Violent Unravell  Hex/Tmut       0%         3d3       100%        5


Dungeon Overview and Level Annotations

Branches:
Dungeon (4/15)
 Temple: D:4-7

Altars:

Shops:
D:2 :

Annotations:
D:4 3 runed translucent doors, Duvessa; Eustachio; Newt's ghost, novice DsGl


Innate Abilities, Weirdness & Mutations

You are amphibious.
You cover ground slowly.
You can hop short distances.
You have an extended range of vision and can be seen from far away.


Message History

You see here a +0 robe.
Duvessa goes berserk!
Duvessa rages.
Fire: a) +0 shortbow
Press: ? - help, Q - select action, (/) - cycle Shift-Dir - straight line, f - Duvessa
Aim: Duvessa, wielding a +2 short sword of speed and wearing a +1 ring mail of fire resistance (berserk, 69% to hit)
You shoot an arrow.
The arrow hits Duvessa but does no damage.
Fire: a) +0 shortbow
Press: ? - help, Q - select action, (/) - cycle Shift-Dir - straight line, f/p - Duvessa
Aim: Duvessa, wielding a +2 short sword of speed and wearing a +1 ring mail of fire resistance (berserk, 69% to hit)
You shoot an arrow. The arrow barely misses Duvessa.
Duvessa rages.
Duvessa hits you with a +2 short sword of speed!
You hear the crackle of electricity.
g - a +0 dagger of electrocution (weapon)
Duvessa hits you with a +2 short sword of speed.
You hit Duvessa but do no damage. Lightning courses through Duvessa!
Duvessa is lightly wounded.
Duvessa hits you with a +2 short sword of speed! x2
You hit Duvessa but do no damage. Lightning courses through Duvessa!
You punch Duvessa, but do no damage.
Duvessa is moderately wounded.
Duvessa hits you with a +2 short sword of speed!
* * * LOW HITPOINT WARNING * * *
Duvessa hits you with a +2 short sword of speed!
* * * LOW HITPOINT WARNING * * *
You feel better. Duvessa misses you. Duvessa barely misses you.
Duvessa closely misses you.
You feel better. Duvessa misses you.
Duvessa hits you with a +2 short sword of speed.
* * * LOW HITPOINT WARNING * * *
You feel better.
Duvessa hits you with a +2 short sword of speed.
Duvessa hits you with a +2 short sword of speed!
* * * LOW HITPOINT WARNING * * *
A red film seems to cover your vision as you go berserk!
You feel yourself moving faster!
You feel mighty! Duvessa misses you.
Duvessa hits you with a +2 short sword of speed!
You die...

#####.#
#.##...#.##.###5.@..##
...##.#
#.#......##...55......
##.##.#
#.#......########.#.##
......# #.#......#
##.#### #.##...#.# #.#
#.###.##.# ##.####
#........# ......#
#####e#### ##.#..# #@#.##
##..[.##########....####
.......................'.
###...##########....####.
......# ##..## ####.##
#.## #..# #.# ##.# #.#
#.# #.#


You could see Duvessa (berserk).

Vanquished Creatures
  Blork the orc (D:4)
  A scorpion (D:4)
  Dowan (D:4)
  A hound (D:4)
  2 orc priests
  A jelly (D:4)
  A gnoll bouda (D:4)
  An orc wizard (D:3)
  5 adders
  4 gnolls (D:4)
  2 worms
  4 dart slugs
  3 orcs (D:3)
  3 ball pythons
  6 endoplasms
  5 giant cockroaches
  7 goblins
  7 hobgoblins
  6 jackals
  5 kobolds
  5 quokkas
  3 bats
  2 frilled lizards
  4 rats
80 creatures vanquished.

Notes
Turn   | Place    | Note
-------+----------+-------------------------------------------
     0 | D:1      | Pimp the Barachi Hunter began the quest for the Orb.
     0 | D:1      | Reached XP level 1. HP: 17/17 MP: 1/1
    45 | D:1      | Reached skill level 1 in Stealth
   137 | D:1      | Reached XP level 2. HP: 18/23 MP: 2/2
   640 | D:1      | Reached XP level 3. HP: 24/28 MP: 3/3
   884 | D:2      | Identified the +0 plate armour "Emeopode" {rElec rCorr
                  | Dex-5 Slay+5}
  1098 | D:2      | Found Zacamus's Vocational Training.
  1701 | D:2      | Reached XP level 4. HP: 35/35 MP: 4/4
  2422 | D:3      | Reached XP level 5. HP: 20/41 MP: 5/5
  2550 | D:4      | Noticed Blork the orc
  2550 | D:4      | Noticed Duvessa
  2550 | D:4      | Noticed Dowan
  2798 | D:4      | Reached skill level 5 in Ranged Weapons
  2798 | D:4      | Reached XP level 6. HP: 27/48 MP: 6/6
  2945 | D:4      | Found a runed translucent gate.
  2949 | D:4      | Found a runed translucent gate.
  2949 | D:4      | Found a runed translucent gate.
  2952 | D:4      | Noticed Newt's ghost (novice DsGl)
  3230 | D:4      | Noticed Eustachio
  3381 | D:4      | Killed Dowan
  3451 | D:4      | Killed Blork the orc
  3452 | D:4      | Reached XP level 7. HP: 14/55 MP: 7/7
  4203 | D:4      | Slain by Duvessa

Illustrated notes

Levels and vault maps discovered:
D:1:      wheals_arrival_linesprint, layout_loops_ring
D:2:      layout_basic, hex_intersection, nicolae_shop_vocational
D:3:      layout_loops_cross, minmay_misc_feat_iff, st_stairs_9
D:4:      layout_loops_corners, gammafunk_ghost_necromancy, grunt_ministairs_7,
          kennysheep_generic_room_4, uniq_crazy_yiuf_cottage,
          uniq_blork_the_orc, uniq_edmund, uniq_duvessa, uniq_eustachio

Skill      XL: |  1  2  3  4  5  6 |
---------------+-------------------+-----
Stealth        | 1 2 3 |  3.6
Fighting       | 3 4 |  4.9
Dodging        | 3 4 |  4.5
Ranged Weapons | 5 |  5.4

Action                     |  1- 3 |  4- 6 |  7- 9 || total
---------------------------+-------+-------+-------++-------
  Melee: Dagger            |       |    31 |    38 ||    69
         Punch             |       |       |     1 ||     1
   Fire: Shortbow          |    98 |   156 |    20 ||   274
    Use: Potion            |     3 |     4 |     6 ||    13
         Scroll            |       |     8 |       ||     8
 Armour: Leather armour    |    16 |    47 |     2 ||    65
         Skin              |       |       |    42 ||    42
  Dodge: Dodged            |    52 |   109 |    15 ||   176

Table legend: (Time is in decaauts)
 A = Elapsed time spent in this place.
 B = Non-inter-level travel time spent in this place.
 C = Inter-level travel time spent in this place.
 D = Time resting spent in this place.
 E = Time spent auto-exploring this place.
 F = Levels seen in this place.
 G = Mean time per level.
                   A        B        C        D        E       F      G
               +--------+--------+--------+--------+--------+-----+--------+
         Total |   4848 |   4620 |    228 |    818 |   2874 |   4 | 1212.0 |
       Dungeon |   4848 |   4620 |    228 |    818 |   2874 |   4 | 1212.0 |
               +--------+--------+--------+--------+--------+-----+--------+

Top non-repeatable levels by time:
     D:4: 1520 daAuts
     D:3: 1234 daAuts
     D:2: 1143 daAuts
     D:1: 949 daAuts
